2728 views
Uploaded 2020-02-23 14:41:27
Game version 1.32 / 1.32.1
15:08 long 3on3 ladder game on (6)TimbermawHold
Saved by iggythefisk
2728 views
Uploaded 2020-02-23 14:41:27
Game version 1.32 / 1.32.1
15:08 long 3on3 ladder game on (6)TimbermawHold


59 units @ 5k
/ 0.1k
135 buildings @ 8k
/ 3.9k


| Staff of Teleportation | 2 | 300 |
| Boots of Speed | 2 | 500 |
| total: | 4 | 800g |
| Peasant | 24 | 1800 | / | 0 |
| total: | 24 | 1800g | / | 0w |
| Scout Tower | 55 | 1650 | / | 1100 |
| Arcane Tower | 2 | 140 | / | 100 |
| Guard Tower | 23 | 1610 | / | 1150 |
| Altar of Kings | 1 | 180 | / | 50 |
| Lumber Mill | 1 | 120 | / | 0 |
| Farm | 3 | 240 | / | 60 |
| Town Hall | 1 | 385 | / | 205 |
| Arcane Sanctum | 1 | 150 | / | 140 |
| Keep | 1 | 320 | / | 210 |
| Castle | 1 | 360 | / | 210 |
| total: | 62 | 2725g | / | 1555w |
| 0:00 | Peasant |
| 0:08 | Altar of Kings |
| 0:09 | Peasant |
| 0:19 | Lumber Mill |
| 0:20 | Peasant |
| 0:21 | Peasant |
| 0:32 | Farm |
| 1:27 | Peasant |
| 1:45 | Peasant |
| 1:47 | Scout Tower |
| 1:56 | Peasant |
| 2:17 | Scout Tower |
| 2:18 | Arcane Tower |
| 2:19 | Peasant |
| 2:25 | Farm |
| 2:38 | Peasant |
| 2:44 | Scout Tower |
| 2:44 | Guard Tower |
| 2:51 | Scout Tower |
| 2:58 | Storm Bolt |
| 3:00 | Peasant |
| 3:04 | Scout Tower |
| 3:06 | Scout Tower |
| 3:09 | Guard Tower |
| 3:11 | Scout Tower |
| 3:22 | Arcane Tower |
| 3:39 | Scout Tower |
| 3:46 | Scout Tower |
| 3:47 | Scout Tower |
| 3:47 | Scout Tower |
| 3:51 | Guard Tower |
| 3:52 | Peasant |
| 3:52 | Peasant |
| 4:37 | Guard Tower |
| 4:41 | Scout Tower |
| 4:43 | Scout Tower |
| 4:46 | Peasant |
| 4:46 | Peasant |
| 4:47 | Improved Masonry |
| 4:49 | Farm |
| 5:24 | Scout Tower |
| 5:24 | Scout Tower |
| 5:35 | Keep |
| 5:47 | Staff of Teleportation |
| 5:47 | Boots of Speed |
| 5:51 | Scout Tower |
| 5:52 | Scout Tower |
| 5:53 | Scout Tower |
| 6:26 | Guard Tower |
| 6:26 | Scout Tower |
| 6:51 | Guard Tower |
| 6:52 | Scout Tower |
| 6:53 | Guard Tower |
| 7:20 | Guard Tower |
| 8:11 | Scout Tower |
| 8:12 | Scout Tower |
| 8:14 | Scout Tower |
| 8:16 | Scout Tower |
| 8:32 | Town Hall |
| 8:33 | Scout Tower |
| 8:34 | Scout Tower |
| 8:34 | Scout Tower |
| 8:37 | Thunder Clap |
| 8:44 | Advanced Masonry |
| 8:45 | Peasant |
| 8:45 | Peasant |
| 8:49 | Guard Tower |
| 8:55 | Guard Tower |
| 9:06 | Guard Tower |
| 9:13 | Guard Tower |
| 9:24 | Guard Tower |
| 9:58 | Siphon Mana |
| 10:19 | Storm Bolt |
| 10:50 | Staff of Teleportation |
| 10:51 | Boots of Speed |
| 10:59 | Peasant |
| 10:59 | Peasant |
| 11:02 | Scout Tower |
| 11:02 | Scout Tower |
| 11:03 | Scout Tower |
| 11:03 | Scout Tower |
| 12:11 | Peasant |
| 12:11 | Peasant |
| 12:13 | Arcane Sanctum |
| 12:15 | Guard Tower |
| 12:17 | Scout Tower |
| 12:18 | Scout Tower |
| 12:18 | Scout Tower |
| 12:19 | Scout Tower |
| 12:19 | Scout Tower |
| 12:20 | Scout Tower |
| 12:35 | Guard Tower |
| 12:43 | Castle |
| 12:44 | Improved Lumber Harvesting |
| 12:46 | Guard Tower |
| 12:51 | Guard Tower |
| 12:53 | Scout Tower |
| 12:54 | Scout Tower |
| 12:55 | Scout Tower |
| 12:56 | Scout Tower |
| 12:57 | Scout Tower |
| 12:58 | Scout Tower |
| 13:10 | Guard Tower |
| 13:13 | Scout Tower |
| 13:13 | Scout Tower |
| 13:14 | Guard Tower |
| 13:20 | Peasant |
| 13:20 | Guard Tower |
| 13:27 | Magic Sentry |
| 13:44 | Scout Tower |
| 13:45 | Scout Tower |
| 13:45 | Scout Tower |
| 13:45 | Scout Tower |
| 13:51 | Guard Tower |
| 14:30 | Guard Tower |
| 15:12 | Banish |
| 15:17 | Scout Tower |
| 15:17 | Scout Tower |
| 15:18 | Scout Tower |
| 15:19 | Scout Tower |
| 15:19 | Scout Tower |
| 15:20 | Scout Tower |
| 15:21 | Imbued Masonry |
| 15:22 | Peasant |
| 15:22 | Peasant |
| 15:22 | Peasant |
| Right click | 1147 |
| Select | 504 |
| Select group | 114 |
| Build/train/purchase | 93 |
| Assign group | 87 |
| Use ability | 34 |
| Chat | 31 |
| Minimap ping | 8 |
| Misc. action | 5 |
| Item give/drop | 1 |



| Boots of Speed | 3 | 750 |
| Staff of Teleportation | 3 | 450 |
| Circlet of Nobility | 1 | 175 |
| total: | 7 | 1375g |
| Peasant | 24 | 1800 | / | 0 |
| Priest | 1 | 135 | / | 10 |
| total: | 25 | 1935g | / | 10w |
| Scout Tower | 50 | 1500 | / | 1000 |
| Arcane Tower | 4 | 280 | / | 200 |
| Guard Tower | 29 | 2030 | / | 1450 |
| Altar of Kings | 1 | 180 | / | 50 |
| Lumber Mill | 1 | 120 | / | 0 |
| Farm | 3 | 240 | / | 60 |
| Arcane Vault | 3 | 390 | / | 90 |
| Town Hall | 2 | 770 | / | 410 |
| Arcane Sanctum | 1 | 150 | / | 140 |
| Keep | 1 | 320 | / | 210 |
| Castle | 1 | 360 | / | 210 |
| total: | 61 | 3350g | / | 1750w |
| 0:01 | Peasant |
| 0:03 | Altar of Kings |
| 0:07 | Peasant |
| 0:19 | Lumber Mill |
| 0:22 | Peasant |
| 0:32 | Farm |
| 0:33 | Peasant |
| 0:39 | Peasant |
| 1:30 | Peasant |
| 1:53 | Farm |
| 1:55 | Peasant |
| 2:03 | Scout Tower |
| 2:06 | Peasant |
| 2:07 | Improved Masonry |
| 2:14 | Peasant |
| 2:24 | Peasant |
| 2:30 | Scout Tower |
| 2:33 | Arcane Tower |
| 2:39 | Peasant |
| 2:48 | Summon Water Elemental |
| 2:57 | Guard Tower |
| 2:59 | Scout Tower |
| 3:04 | Arcane Vault |
| 3:20 | Peasant |
| 3:28 | Guard Tower |
| 3:29 | Scout Tower |
| 3:36 | Peasant |
| 3:36 | Peasant |
| 4:31 | Keep |
| 4:42 | Guard Tower |
| 4:43 | Scout Tower |
| 4:44 | Scout Tower |
| 5:29 | Brilliance Aura |
| 5:42 | Town Hall |
| 5:45 | Scout Tower |
| 5:46 | Scout Tower |
| 5:47 | Scout Tower |
| 5:49 | Scout Tower |
| 5:50 | Scout Tower |
| 5:51 | Scout Tower |
| 5:52 | Guard Tower |
| 5:54 | Scout Tower |
| 6:10 | Farm |
| 6:17 | Arcane Tower |
| 6:21 | Guard Tower |
| 6:25 | Guard Tower |
| 6:27 | Scout Tower |
| 6:38 | Scout Tower |
| 6:39 | Guard Tower |
| 6:41 | Scout Tower |
| 6:55 | Boots of Speed |
| 7:23 | Guard Tower |
| 7:28 | Scout Tower |
| 7:47 | Guard Tower |
| 7:48 | Peasant |
| 7:48 | Peasant |
| 7:54 | Guard Tower |
| 7:59 | Guard Tower |
| 8:00 | Scout Tower |
| 8:02 | Summon Water Elemental |
| 8:05 | Storm Bolt |
| 8:08 | Guard Tower |
| 8:09 | Scout Tower |
| 8:11 | Scout Tower |
| 8:22 | Advanced Masonry |
| 8:24 | Peasant |
| 8:29 | Guard Tower |
| 8:31 | Scout Tower |
| 8:40 | Guard Tower |
| 8:43 | Scout Tower |
| 8:43 | Guard Tower |
| 8:58 | Castle |
| 9:07 | Staff of Teleportation |
| 9:07 | Boots of Speed |
| 9:10 | Guard Tower |
| 9:13 | Scout Tower |
| 9:17 | Guard Tower |
| 9:20 | Scout Tower |
| 9:47 | Guard Tower |
| 9:49 | Scout Tower |
| 9:50 | Scout Tower |
| 9:57 | Guard Tower |
| 9:59 | Scout Tower |
| 10:17 | Peasant |
| 10:17 | Peasant |
| 10:18 | Bash |
| 10:38 | Peasant |
| 10:38 | Peasant |
| 10:38 | Guard Tower |
| 10:40 | Scout Tower |
| 10:41 | Scout Tower |
| 10:49 | Guard Tower |
| 10:52 | Guard Tower |
| 10:55 | Scout Tower |
| 10:56 | Scout Tower |
| 11:01 | Improved Lumber Harvesting |
| 11:25 | Imbued Masonry |
| 11:33 | Guard Tower |
| 11:38 | Arcane Sanctum |
| 11:40 | Guard Tower |
| 11:44 | Arcane Vault |
| 12:15 | Scout Tower |
| 12:19 | Scout Tower |
| 12:21 | Holy Light |
| 12:27 | Peasant |
| 12:27 | Peasant |
| 12:27 | Peasant |
| 12:50 | Guard Tower |
| 12:55 | Scout Tower |
| 12:57 | Scout Tower |
| 12:58 | Arcane Tower |
| 13:16 | Boots of Speed |
| 13:16 | Staff of Teleportation |
| 13:17 | Circlet of Nobility |
| 13:23 | Town Hall |
| 13:27 | Scout Tower |
| 13:28 | Scout Tower |
| 13:28 | Scout Tower |
| 13:29 | Scout Tower |
| 13:29 | Scout Tower |
| 13:30 | Scout Tower |
| 13:30 | Scout Tower |
| 13:31 | Scout Tower |
| 13:32 | Scout Tower |
| 13:33 | Scout Tower |
| 13:34 | Scout Tower |
| 13:34 | Scout Tower |
| 13:36 | Guard Tower |
| 13:38 | Scout Tower |
| 13:41 | Magic Sentry |
| 13:42 | Priest Adept Training |
| 13:42 | Priest |
| 13:47 | Arcane Vault |
| 14:01 | Arcane Tower |
| 14:04 | Guard Tower |
| 14:58 | Scout Tower |
| 14:58 | Scout Tower |
| 15:02 | Brilliance Aura |
| 15:04 | Guard Tower |
| 15:21 | Staff of Teleportation |
| 15:35 | Guard Tower |
| Right click | 739 |
| Select group | 446 |
| Assign group | 344 |
| Select | 309 |
| Chat | 152 |
| Build/train/purchase | 116 |
| Use ability | 32 |
| Misc. action | 20 |
| Item give/drop | 2 |



| Orb of Corruption | 3 | 1125 |
| Staff of Teleportation | 1 | 150 |
| Boots of Speed | 1 | 250 |
| Circlet of Nobility | 1 | 175 |
| Staff of Sanctuary | 2 | 500 |
| total: | 8 | 2200g |
| Acolyte | 2 | 150 | / | 0 |
| Ghoul | 6 | 720 | / | 0 |
| Obsidian Statue | 2 | 400 | / | 70 |
| total: | 10 | 1270g | / | 70w |
| Nerubian Tower | 2 | 200 | / | 40 |
| Spirit Tower | 3 | 435 | / | 120 |
| Crypt | 1 | 200 | / | 50 |
| Altar of Darkness | 1 | 180 | / | 50 |
| Ziggurat | 5 | 750 | / | 250 |
| Graveyard | 1 | 215 | / | 0 |
| Tomb of Relics | 2 | 260 | / | 60 |
| Necropolis | 1 | 225 | / | 0 |
| Slaughterhouse | 1 | 140 | / | 135 |
| Halls of the Dead | 1 | 320 | / | 210 |
| Black Citadel | 1 | 325 | / | 230 |
| total: | 12 | 1970g | / | 545w |
| 0:04 | Acolyte |
| 0:04 | Acolyte |
| 0:08 | Crypt |
| 0:12 | Altar of Darkness |
| 0:34 | Ziggurat |
| 1:52 | Graveyard |
| 1:53 | Ghoul |
| 2:11 | Ghoul |
| 2:19 | Ghoul |
| 2:25 | Nerubian Tower |
| 2:50 | Ziggurat |
| 2:54 | Ghoul |
| 3:06 | Death Coil |
| 3:48 | Ghoul |
| 3:48 | Ghoul |
| 4:27 | Halls of the Dead |
| 4:32 | Spirit Tower |
| 4:35 | Ziggurat |
| 5:32 | Staff of Teleportation |
| 5:32 | Boots of Speed |
| 5:33 | Circlet of Nobility |
| 5:51 | Tomb of Relics |
| 6:49 | Black Citadel |
| 7:04 | Slaughterhouse |
| 7:49 | Frost Nova |
| 7:59 | Ziggurat |
| 8:01 | Spirit Tower |
| 8:16 | Unholy Aura |
| 8:22 | Obsidian Statue |
| 8:22 | Obsidian Statue |
| 9:26 | Ziggurat |
| 9:56 | Tomb of Relics |
| 10:03 | Orb of Corruption |
| 10:46 | Carrion Swarm |
| 11:00 | Nerubian Tower |
| 12:35 | Frost Armor |
| 13:33 | Staff of Sanctuary |
| 13:37 | Staff of Sanctuary |
| 13:41 | Orb of Corruption |
| 13:44 | Orb of Corruption |
| 13:59 | Necropolis |
| 14:37 | Vampiric Aura |
| 14:45 | Death Coil |
| 15:48 | Spirit Tower |
| Right click | 901 |
| Select group | 698 |
| Select | 117 |
| Resource trade | 91 |
| Chat | 70 |
| Misc. action | 51 |
| Build/train/purchase | 46 |
| Use ability | 39 |
| Assign group | 12 |
| Item give/drop | 3 |
| Minimap ping | 3 |
83 units @ 9.8k
/ 1.6k
35 buildings @ 6.2k
/ 2.5k

| Wisp | 18 | 1080 | / | 0 |
| Dryad | 11 | 1595 | / | 660 |
| total: | 29 | 2675g | / | 660w |
| Altar of Elders | 1 | 180 | / | 50 |
| Moon Well | 6 | 1080 | / | 240 |
| Hunter's Hall | 1 | 210 | / | 100 |
| Tree of Life | 1 | 340 | / | 185 |
| Ancient of Lore | 4 | 620 | / | 580 |
| Tree of Ages | 1 | 320 | / | 180 |
| Tree of Eternity | 1 | 330 | / | 200 |
| total: | 13 | 2430g | / | 1155w |
| 0:06 | Wisp |
| 0:06 | Wisp |
| 0:07 | Wisp |
| 0:13 | Altar of Elders |
| 0:18 | Moon Well |
| 0:31 | Wisp |
| 0:31 | Wisp |
| 1:44 | Wisp |
| 1:44 | Wisp |
| 1:54 | Moon Well |
| 2:15 | Wisp |
| 2:29 | Hunter's Hall |
| 2:56 | Wisp |
| 2:56 | Wisp |
| 2:57 | Wisp |
| 2:57 | Wisp |
| 3:07 | Force of Nature |
| 3:25 | Tree of Ages |
| 3:36 | Moon Well |
| 4:31 | Moon Well |
| 4:37 | Strength of the Wild |
| 5:31 | Entangling Roots |
| 5:38 | Moon Well |
| 5:43 | Reinforced Hides |
| 5:50 | Wisp |
| 5:51 | Wisp |
| 5:55 | Ancient of Lore |
| 6:02 | Ancient of Lore |
| 6:51 | Ancient of Lore |
| 6:53 | Ancient of Lore |
| 6:56 | Tree of Eternity |
| 7:42 | Moon Well |
| 8:11 | Dryad |
| 8:11 | Dryad |
| 8:14 | Improved Strength of the Wild |
| 8:14 | Improved Reinforced Hides |
| 8:59 | Tree of Life |
| 9:02 | Dryad |
| 9:04 | Abolish Magic |
| 9:16 | Entangling Roots |
| 9:23 | Dryad |
| 9:38 | Wisp |
| 9:38 | Wisp |
| 9:40 | Wisp |
| 9:40 | Wisp |
| 10:24 | Dryad |
| 10:52 | Dryad |
| 11:05 | Well Spring |
| 11:21 | Dryad |
| 11:56 | Dryad |
| 12:33 | Dryad |
| 13:46 | Dryad |
| 14:51 | Dryad |
| Right click | 520 |
| Select | 170 |
| Build/train/purchase | 41 |
| Chat | 32 |
| Use ability | 23 |
| Minimap ping | 5 |
| Remove unit | 3 |


| Acolyte | 6 | 450 | / | 0 |
| Ghoul | 10 | 1200 | / | 0 |
| Gargoyle | 5 | 875 | / | 150 |
| Crypt Fiend | 2 | 430 | / | 80 |
| total: | 23 | 2955g | / | 230w |
| Altar of Darkness | 1 | 180 | / | 50 |
| Crypt | 2 | 400 | / | 100 |
| Ziggurat | 5 | 750 | / | 250 |
| Tomb of Relics | 1 | 130 | / | 30 |
| Graveyard | 1 | 215 | / | 0 |
| Halls of the Dead | 1 | 320 | / | 210 |
| Black Citadel | 1 | 325 | / | 230 |
| total: | 10 | 1675g | / | 430w |
| 0:05 | Altar of Darkness |
| 0:09 | Crypt |
| 0:12 | Ziggurat |
| 0:27 | Acolyte |
| 0:27 | Acolyte |
| 0:39 | Acolyte |
| 0:39 | Acolyte |
| 1:37 | Acolyte |
| 1:53 | Ghoul |
| 2:00 | Ghoul |
| 2:24 | Ziggurat |
| 2:28 | Tomb of Relics |
| 2:46 | Ghoul |
| 2:55 | Ghoul |
| 3:20 | Black Arrow |
| 3:54 | Ghoul |
| 3:54 | Ghoul |
| 3:57 | Ghoul |
| 4:13 | Halls of the Dead |
| 4:22 | Graveyard |
| 5:01 | Crypt |
| 5:05 | Ziggurat |
| 5:43 | Ghoul |
| 5:44 | Ghoul |
| 5:45 | Ghoul |
| 6:10 | Life Drain |
| 6:56 | Gargoyle |
| 7:34 | Gargoyle |
| 8:07 | Frost Nova |
| 8:41 | Acolyte |
| 8:59 | Ziggurat |
| 9:01 | Ziggurat |
| 9:12 | Black Arrow |
| 9:54 | Gargoyle |
| 9:55 | Gargoyle |
| 10:18 | Creature Attack |
| 10:19 | Creature Carapace |
| 10:22 | Black Citadel |
| 10:51 | Gargoyle |
| 11:03 | Dark Ritual |
| 12:11 | Crypt Fiend |
| 12:13 | Crypt Fiend |
| 12:42 | Improved Creature Attack |
| 13:11 | Web |
| Right click | 516 |
| Select | 198 |
| Build/train/purchase | 42 |
| Chat | 22 |
| Select group | 10 |
| Minimap ping | 10 |
| Use ability | 8 |
| Assign group | 4 |
| Item give/drop | 1 |

| Scroll of Healing | 1 | 250 |
| Scroll of Town Portal | 1 | 350 |
| Boots of Speed | 1 | 250 |
| Potion of Lesser Invulnerability | 1 | 150 |
| Staff of Teleportation | 1 | 150 |
| total: | 5 | 1150g |
| Wisp | 12 | 720 | / | 0 |
| Archer | 11 | 1430 | / | 110 |
| Druid of the Claw | 8 | 2040 | / | 640 |
| total: | 31 | 4190g | / | 750w |
| Moon Well | 6 | 1080 | / | 240 |
| Altar of Elders | 1 | 180 | / | 50 |
| Ancient of War | 1 | 150 | / | 60 |
| Hunter's Hall | 1 | 210 | / | 100 |
| Ancient of Lore | 3 | 465 | / | 435 |
| Tree of Ages | 2 | 640 | / | 360 |
| Tree of Eternity | 1 | 330 | / | 200 |
| total: | 12 | 2085g | / | 885w |
| 0:04 | Wisp |
| 0:04 | Wisp |
| 0:04 | Wisp |
| 0:19 | Moon Well |
| 0:27 | Altar of Elders |
| 0:29 | Wisp |
| 0:34 | Ancient of War |
| 0:41 | Wisp |
| 0:41 | Wisp |
| 1:36 | Wisp |
| 1:55 | Moon Well |
| 1:57 | Wisp |
| 1:58 | Wisp |
| 2:17 | Archer |
| 2:29 | Archer |
| 2:34 | Archer |
| 2:42 | Moon Well |
| 2:55 | Archer |
| 3:11 | Wisp |
| 3:20 | Shadow Strike |
| 3:21 | Archer |
| 3:30 | Wisp |
| 3:30 | Wisp |
| 4:02 | Archer |
| 4:10 | Archer |
| 4:11 | Tree of Ages |
| 4:36 | Archer |
| 4:41 | Blink |
| 4:47 | Archer |
| 4:49 | Hunter's Hall |
| 4:52 | Moon Well |
| 5:12 | Archer |
| 5:25 | Archer |
| 6:33 | Tree of Eternity |
| 6:35 | Ancient of Lore |
| 6:37 | Ancient of Lore |
| 7:04 | Ancient of Lore |
| 7:09 | Boots of Speed |
| 7:27 | Reinforced Hides |
| 7:55 | Druid of the Claw Adept Training |
| 7:59 | Druid of the Claw |
| 8:18 | Shadow Strike |
| 8:31 | Druid of the Claw |
| 8:55 | Druid of the Claw Master Training |
| 8:56 | Druid of the Claw |
| 9:08 | Druid of the Claw |
| 9:40 | Mark of the Claw |
| 10:51 | Druid of the Claw |
| 10:54 | Improved Reinforced Hides |
| 10:57 | Well Spring |
| 11:00 | Moon Well |
| 12:41 | Druid of the Claw |
| 12:43 | Advanced Reinforced Hides |
| 12:54 | Moon Well |
| 13:16 | Druid of the Claw |
| 13:20 | Strength of the Wild |
| 13:27 | Potion of Lesser Invulnerability |
| 13:28 | Scroll of Healing |
| 13:28 | Scroll of Town Portal |
| 13:29 | Staff of Teleportation |
| 13:53 | Druid of the Claw |
| Right click | 578 |
| Select | 286 |
| Select group | 272 |
| Build/train/purchase | 80 |
| Misc. action | 75 |
| Use ability | 24 |
| Assign group | 21 |
| Esc | 8 |
| Item give/drop | 1 |
| Remove unit | 1 |
⇛